 Dungeon Crawl Stone Soup version 0.31-a0-210-gccc998df9b (webtiles) character file.

Game seed: 17341480876089413716

933 123456 the Chopper (level 7, -1/63 HPs)
             Began as a Minotaur Fighter on June 30, 2023.
             Slain by Pikel
             ... wielding a +0 whip of freezing
              (9 damage)
             ... on level 5 of the Dungeon.
             The game lasted 00:05:42 (4077 turns).

123456 the Chopper (Minotaur Fighter)               Turns: 4077, Time: 00:05:43

Health: -1/63      AC: 10    Str: 23    XL:     7   Next: 86%
Magic:  6/6        EV:  8    Int: 11    God:
Gold:   37         SH: 12    Dex:  9    Spells: 6/6 levels left

rFire   . . .        a - +0 war axe
rCold   + . .        k - +0 tower shield
rNeg    . . .        e - +4 ring mail {rC+}
rPois   .            (helmet restricted)
rElec   .            (no cloak)
rCorr   .            (no gloves)
SInv    .            (no boots)
Will    +....        (no amulet) Stlth
                     q - ring of willpower
HPRegen 0.30/turn    o - +6 ring of intelligence
MPRegen 0.10/turn

%: no passive effects
@: no status effects
A: horns 2, retaliatory headbutt
a: no special abilities


You were on level 5 of the Dungeon.
You visited 1 branch of the dungeon, and saw 5 of its levels.

You collected 174 gold pieces.
You spent 137 gold pieces at shops.

Inventory:

Hand Weapons
 a - a +0 war axe (weapon)
 r - a +4 whip of electrocution
Missiles
 l - 2 throwing nets
Armour
 e - a +4 ring mail of cold resistance (worn)
 k - a +0 tower shield (worn)
Jewellery
 o - a +6 ring of intelligence (right hand)
 p - a ring of ice
 q - a ring of willpower (left hand)
Wands
 s - a wand of polymorph (3)
Scrolls
 f - a scroll of poison {unknown}
 g - 2 scrolls of identify {unknown}
 h - 2 scrolls of teleportation {unknown}
 n - a scroll of silence {unknown}
 t - a scroll of brand weapon
Potions
 b - a potion of curing
 c - a potion of magic {unknown}
 d - a potion of might
 i - a potion of degeneration {unknown}
 j - 2 potions of mutation {unknown}
 m - 2 potions of attraction {unknown}


   Skills:
 + Level 6.1 Fighting
 * Level 7.2 Axes
 + Level 6.0 Armour
 + Level 6.0 Shields


You had 6 spell levels left.
You didn't know any spells.
Your spell library contained the following spells:

 Spells                   Type           Power      Damage    Failure   Level
 Magic Dart               Conj           0%         1d3       95%         1
 Summon Small Mammal      Summ           0%         N/A       95%         1
 Searing Ray              Conj           0%         2d4       99%         2
 Call Canine Familiar     Summ           0%         N/A       100%        3
 Inner Flame              Hex/Fire       0%         N/A       100%        3
 Summon Guardian Golem    Hex/Summ       0%         N/A       100%        3
 Vhi's Electric Charge    Tloc/Air       0%         N/A       100%        3
 Cause Fear               Hex            0%         N/A       100%        4
 Fulminant Prism          Conj/Hex       0%         3d5       100%        4
 Arcjolt                  Conj/Air       0%         1d10      100%        5
 Yara's Violent Unravell  Hex/Tmut       0%         3d3       100%        5
 Dragon Form              Tmut           0%         N/A       100%        7
 Enfeeble                 Hex            0%         N/A       100%        7
 Maxwell's Capacitive Co  Air            0%         ∞         100%        8
 Dragon's Call            Summ           0%         N/A       100%        9


Dungeon Overview and Level Annotations

Branches:
Dungeon (5/15)
 Temple: D:4-7

Altars:
Dithmenos

Shops:
D:2 (   D:3 =   D:4 *

Annotations:
D:5 Pikel


Innate Abilities, Weirdness & Mutations

You have a pair of horns on your head.
You reflexively headbutt those who attack you in melee.


Message History

A lemure comes into view.
You block the lemure's attack.
Pikel zaps a wand.
You block the puff of flame.
You miss the lemure. Your headbutt misses the lemure.
The lemure is moderately wounded.
You closely miss Pikel. You miss the lemure. You block the lemure's attack. x2
Pikel hits you but does no damage. The lemure hits you.
Pikel zaps a wand.
The puff of flame hits you. You block the lemure's attack. x2
You barely miss the lemure.
The lemure is moderately wounded.
You closely miss the lemure. You hit Pikel but do no damage.
You hit the lemure. The lemure hits you!
The lemure hits you but does no damage. The lemure barely misses you.
You furiously retaliate!
You headbutt the lemure! You block Pikel's attack.
Unknown command.
You barely miss Pikel.
Pikel is lightly wounded.
You hit the lemure. You hit the lemure but do no damage. x2
The lemure hits you. x2; You block the lemure's attack.
You block Pikel's attack.
You closely miss Pikel. You headbutt Pikel, but do no damage.
Pikel is lightly wounded.
You barely miss the lemure. You hit the lemure but do no damage.
You hit the lemure. The lemure barely misses you. You furiously retaliate!
You headbutt the lemure, but do no damage.
You block the lemure's attack. The lemure hits you but does no damage.
Pikel zaps a wand.
The puff of flame misses you. The lemure hits you. x2
You block the lemure's attack.
Pikel zaps a wand.
The puff of flame hits you!
You hit Pikel.
Pikel is lightly wounded.
You closely miss the lemure. x2; You hit the lemure but do no damage.
The lemure hits you.
* * * LOW HITPOINT WARNING * * *
You block the lemure's attack. The lemure hits you.
* * * LOW HITPOINT WARNING * * *
Pikel hits you but does no damage.
You feel better. The lemure hits you but does no damage.
You block the lemure's attack. The lemure hits you!
* * * LOW HITPOINT WARNING * * *
Pikel hits you with a +0 whip of freezing!
You die...

.....#......# #
.....#.....## ..
..........#...
.. #........>..
... ##.)))..##
....###..)<....#
#..$...)..#.....
##......#.....##
#....5@5.....##
#....5K##....#
#.....5. ......
#........##.....
.......##..
..... ##.####..
... .. #. #..
##.. #. #$.


You could see Pikel and 4 lemures.

Vanquished Creatures
  Sigmund (D:4)
  Edmund (D:4)
  Blork the orc (D:4)
  2 jellies (D:3)
  5 orc priests
  Natasha (D:2)
  Terence (D:2)
  4 orc wizards
  Robin (D:4)
  3 gnolls (D:4)
  5 adders
  3 dart slugs
  12 orcs
  7 ball pythons
  17 endoplasms
  8 giant cockroaches
  13 hobgoblins
  9 jackals
  11 kobolds
  3 quokkas
  7 bats
  5 frilled lizards
  11 goblins
  6 rats
137 creatures vanquished.

Notes
Turn   | Place    | Note
-------+----------+-------------------------------------------
     0 | D:1      | 123456 the Minotaur Fighter began the quest for the Orb.
     0 | D:1      | Reached XP level 1. HP: 19/19 MP: 0/0
    55 | D:1      | Reached XP level 2. HP: 27/27 MP: 1/1
   124 | D:1      | Reached skill level 3 in Axes
   391 | D:1      | Reached XP level 3. HP: 31/33 MP: 2/2
   824 | D:1      | Found a faded altar of an unknown god.
  1095 | D:2      | Reached XP level 4. HP: 26/40 MP: 3/3
  1146 | D:2      | Noticed Terence
  1158 | D:2      | Killed Terence
  1159 | D:2      | Reached skill level 4 in Axes
  1462 | D:2      | Found Pazanwoq's Antique Weapon Boutique.
  1842 | D:2      | Noticed Natasha
  1851 | D:2      | Killed Natasha
  1852 | D:2      | Reached XP level 5. HP: 37/47 MP: 4/4
  1953 | D:3      | Found Ymekoatz's Jewellery Boutique.
  2244 | D:3      | Found a shadowy altar of Dithmenos.
  2292 | D:3      | Reached skill level 5 in Axes
  2563 | D:3      | Reached XP level 6. HP: 54/55 MP: 5/5
  2597 | D:3      | Reached skill level 5 in Fighting
  2604 | D:3      | Reached skill level 5 in Armour
  2604 | D:3      | Reached skill level 5 in Shields
  3196 | D:4      | Noticed Edmund
  3205 | D:4      | Killed Edmund
  3261 | D:4      | Noticed Blork the orc
  3272 | D:4      | Killed Blork the orc
  3273 | D:4      | Reached skill level 6 in Axes
  3273 | D:4      | Reached XP level 7. HP: 21/61 MP: 6/6
  3481 | D:4      | Noticed Robin
  3503 | D:4      | Killed Robin
  3553 | D:4      | Found Ucvaucs's Specific Store.
  3563 | D:4      | Noticed Sigmund
  3571 | D:4      | Killed Sigmund
  3873 | D:4      | Reached skill level 7 in Axes
  3939 | D:4      | Found Gualubef's General Store.
  3947 | D:4      | Bought a potion of curing for 42 gold pieces
  3951 | D:4      | Bought a scroll of brand weapon for 95 gold pieces
  3980 | D:5      | Entered Level 5 of the Dungeon
  4066 | D:5      | Noticed Pikel
  4077 | D:5      | Slain by Pikel

Illustrated notes

Levels and vault maps discovered:
D:1:      ncdulo_smallfort, layout_basic,
          hellmonk_ecumenical_altar_leap_of_faith, minmay_tetromino_l2
D:2:      layout_loops_ring, serial_shops, nicolae_shop_peninsula,
          grunt_decor_arrowhead, uniq_natasha, uniq_terence
D:3:      cheibrodos_fertilizer, layout_loops_ring,
          nicolae_dithmenos_shadow_blocks, serial_shops, shop
D:4:      layout_basic, nicolae_specific_store, grunt_ministairs_15,
          nicolae_elevator_lobby_plus, uniq_robin, uniq_blork_the_orc,
          uniq_edmund, uniq_sigmund
D:5:      layout_cave_pools, lemuel_doored_altar, marbit_many_paths,
          serial_bayou, serial_bayou_ford_a, serial_bayou_pond_b,
          serial_bayou_pond_b, serial_bayou_pond_c, serial_shops, shop,
          skrybe_limestone_x, uniq_eustachio, uniq_prince_ribbit1, uniq_pikel

Skill      XL: |  1  2  3  4  5  6  7 |
---------------+----------------------+-----
Axes           | 3 4 5 6 7 |  7.2
Fighting       | 4 5 6 |  6.1
Armour         | 4 5 6 |  6.0
Shields        | 4 5 6 |  6.0

Action                     |  1- 3 |  4- 6 |  7- 9 || total
---------------------------+-------+-------+-------++-------
  Melee: War axe           |    77 |   144 |    75 ||   296
         Headbutt          |    12 |    17 |    11 ||    40
    Use: Potion            |       |     1 |     1 ||     2
 Armour: Scale mail        |    41 |     6 |       ||    47
         Ring mail         |       |    41 |    37 ||    78
  Dodge: Dodged            |    43 |    40 |    33 ||   116
  Block: Buckler           |    16 |    10 |       ||    26
         Tower shield      |       |    42 |    73 ||   115

Table legend: (Time is in decaauts)
 A = Elapsed time spent in this place.
 B = Non-inter-level travel time spent in this place.
 C = Inter-level travel time spent in this place.
 D = Time resting spent in this place.
 E = Time spent auto-exploring this place.
 F = Levels seen in this place.
 G = Mean time per level.
                   A        B        C        D        E       F      G
               +--------+--------+--------+--------+--------+-----+--------+
         Total |   4198 |   3842 |    356 |    406 |   2696 |   5 |  839.6 |
       Dungeon |   4198 |   3842 |    356 |    406 |   2696 |   5 |  839.6 |
               +--------+--------+--------+--------+--------+-----+--------+

Top non-repeatable levels by time:
     D:2: 1116 daAuts
     D:3: 1110 daAuts
     D:4: 936 daAuts
     D:1: 930 daAuts
     D:5: 104 daAuts
